 Dungeon Crawl Stone Soup version 0.27-a0-40-g5f2be0e231 (webtiles) character file.

Game seed: 17979546141377156207

1598 pistachioham the Jinx (level 8, -3/41 HPs)
             Began as a Deep Elf Conjurer on Jan 5, 2021.
             Was a Follower of Sif Muna.
             Killed from afar by an electric eel (16 damage)
             ... with a bolt of electricity
             ... on level 6 of the Dungeon.
             The game lasted 00:49:44 (7135 turns).

pistachioham the Jinx (Deep Elf Conjurer)           Turns: 7135, Time: 00:49:45

Health: -3/41      AC:  6    Str:  5    XL:     8   Next: 62%
Magic:  3/16       EV: 13    Int: 24    God:    Sif Muna [*.....]
Gold:   298        SH:  0    Dex: 14    Spells: 2/16 levels left

rFire    . . .     SeeInvis .   b - +3 dagger
rCold    . . .     Faith    +   (no shield)
rNeg     . . .     Spirit   .   Z - +2 robe {Will+}
rPois    .         Reflect  .   C - +0 helmet
rElec    .         Harm     .   (no cloak)
rCorr    .         Rampage  .   u - +0 pair of gloves
Will     +....                  (no boots)
Stlth    +++.......             h - amulet of faith
HPRegen  0.13/turn              y - ring of flight
MPRegen  0.15/turn              (no ring)

@: very slightly contaminated
A: no striking features
a: Renounce Religion, Evoke Flight, Channel Magic


You were on level 6 of the Dungeon.
You worshipped Sif Muna.
Sif Muna was aware of your devotion.
You visited 2 branches of the dungeon, and saw 7 of its levels.
You also visited: Sewer.

You collected 298 gold pieces.

Inventory:

Hand Weapons
 a - a +0 shortbow
 b - a +3 dagger (weapon)
 H - a +0 dagger of speed
Missiles
 c - 131 arrows
Armour
 p - a cursed +0 buckler
 q - a +4 scale mail of fire resistance
 u - a +0 pair of gloves (worn)
 C - a +0 helmet (worn)
 Z - a +2 robe of willpower (worn)
Jewellery
 h - an amulet of faith (around neck)
 t - an uncursed amulet of guardian spirit
 y - a ring of flight (left hand)
 I - an uncursed amulet of regeneration
Wands
 s - a wand of iceblast (4)
 D - a wand of flame (34)
 J - a wand of random effects (12)
Scrolls
 d - 5 scrolls of teleportation
 f - a scroll of amnesia
 g - a scroll of remove curse
 o - 6 scrolls of identify
 v - 2 scrolls of blinking
 x - 2 scrolls of magic mapping
 A - a scroll of enchant armour {unknown}
 B - 2 scrolls of fear {unknown}
 G - a scroll of fog {unknown}
Potions
 e - 2 potions of degeneration {unknown}
 i - a potion of lignification {unknown}
 j - 2 potions of heal wounds
 k - a potion of mutation {unknown}
 l - 3 potions of flight {unknown}
 m - a potion of haste {unknown}
 n - 3 potions of brilliance {unknown}
 r - 2 potions of invisibility {unknown}
 w - a potion of might {unknown}
 z - 2 potions of curing {unknown}
 E - a potion of attraction {unknown}
 F - 3 potions of cancellation {unknown}


   Skills:
 + Level 2.1 Bows
 - Level 2.5 Dodging
 - Level 4.1 Stealth
 - Level 4.5 Spellcasting
 - Level 6.6 Conjurations
 * Level 10.3 Hexes
 + Level 4.1 Translocations


You had 2 spell levels left.
You knew the following spells:

 Your Spells              Type           Power        Failure   Level
a - Magic Dart            Conj           100%         1%          1
b - Searing Ray           Conj           74%          1%          2
c - Dazzling Flash        Conj/Hex       92%          1%          3
d - Fulminant Prism       Conj/Hex       23%          2%          4
e - Iskenderun's Mystic   Conj/Tloc      31%          10%         4

Your spell library contained the following spells:

 Spells                   Type           Power        Failure   Level


Dungeon Overview and Level Annotations

Branches:
Dungeon (6/15)             Temple (1/1) D:4           Sewer (visited)

Altars:
Ashenzari
Cheibriados
Dithmenos
Elyvilon
Fedhas
Gozag
Hepliaklqana
Kikubaaqudgha
Makhleb
Nemelex Xobeh
Qazlal
Ru
Sif Muna
Trog
Uskayaw
Vehumet
Wu Jian
Xom
Yredelemnul
Zin
The Shining One

Shops:
D:4 (


Message History

Aiming: Fulminant Prism (dangerous; 2% risk of failure)
Press: ? - help, Dir - move target You miscast Fulminant Prism.
You are very lightly contaminated with residual magic.
Nothing appears to happen.
The electric eel shoots out a bolt of lightning at you!
The bolt of electricity hits you!
Unknown command.
Casting: Fulminant Prism (dangerous; 2% risk of failure)
Confirm with . or Enter, or press ? or * to list all spells.
Aiming: Fulminant Prism (dangerous; 2% risk of failure)
Press: ? - help, Dir - move target You conjure a prism of explosive energy!
A fulminant prism comes into view.
A nearby plant withers and dies.
The electric eel shoots out a bolt of lightning at you!
The bolt of electricity hits you!
The electric eel shoots out a bolt of lightning at you!
The bolt of electricity hits you!
You die...

......##.#####.##[......##
.....)[..#####.####......#
####.....##....##<....##.#
####........)..).[#########
......#.......#...###)..≈≈##
...#..........#####≈..####.##
##...##......##...≈≈##+..##.#
####.........#..#####.....#.#
## #.##......###@..##.....#.#
.# #.##....#..#.....#≈≈.P.#.#
.###.##.##.÷..#.....#..*≈.#≈#
.##..##....#..#≈..≈≈#..?≈≈#≈#
..#.####......#*≈≈≈?#≈;.≈;#≈#
#.#.###......>#...[.##≈≈≈##≈#
#.............#≈;;;≈######≈##
###.###.#.#...##≈≈≈##≈≈...###
###.##..#......#####≈######.#


You could see 3 electric eels and a friendly fulminant prism.

Vanquished Creatures
  Sigmund (D:5)
  Edmund (D:5)
  An orc warrior (D:6)
  An ice beast (D:5)
  A centaur (D:6)
  2 bullfrogs
  A scorpion (D:6)
  2 howler monkeys
  3 electric eels (D:6)
  2 hounds (D:4)
  A jelly (D:1)
  A bullfrog zombie (D:6)
  4 orc wizards
  Jessica (D:2)
  2 iguanas (D:6)
  Ijyb (D:3)
  Terence (D:3)
  A worker ant (D:6)
  4 gnolls (D:3)
  A river rat (D:4)
  10 adders
  A white imp (D:6)
  An ufetubus (D:4)
  4 oozes (D:1)
  4 worms
  A dart slug (D:2)
  3 leopard geckos
  16 orcs
  16 bats
  14 giant cockroaches
  7 goblins
  7 hobgoblins
  8 jackals
  7 kobolds (D:1)
  4 quokkas
  3 ball pythons
  3 frilled lizards
  A leopard gecko skeleton (D:6)
  11 rats
153 creatures vanquished.

Vanquished Creatures (others)
  21 fulminant prisms
  7 plants (D:6)
28 creatures vanquished.

Grand Total: 181 creatures vanquished

Notes
Turn   | Place    | Note
-------+----------+-------------------------------------------
     0 | D:1      | pistachioham the Deep Elf Conjurer began the quest for the
                  | Orb.
     0 | D:1      | Reached XP level 1. HP: 10/10 MP: 6/6
     0 | D:1      | Noticed a jelly
     1 | D:1      | Found a runed translucent door.
   335 | D:1      | Reached XP level 2. HP: 15/15 MP: 8/8
   785 | D:1      | Learned a level 2 spell: Searing Ray
  1037 | D:2      | Reached XP level 3. HP: 17/19 MP: 6/10
  1154 | D:2      | Found a sparkling altar of Nemelex Xobeh.
  1154 | D:2      | Noticed Jessica
  1158 | D:2      | Killed Jessica
  1159 | D:2      | Reached skill level 5 in Conjurations
  1203 | D:2      | Reached XP level 4. HP: 24/24 MP: 7/12
  1208 | D:2      | Found a faded altar of an unknown god.
  1958 | D:2      | Found a hide-covered altar of Uskayaw.
  2139 | D:3      | Found a blossoming altar of Fedhas.
  2154 | D:3      | Learned a level 3 spell: Dazzling Flash
  2159 | D:3      | Learned a level 4 spell: Fulminant Prism
  2199 | D:1      | Reached skill level 1 in Hexes
  2202 | D:1      | Reached XP level 5. HP: 25/28 MP: 4/13
  2214 | D:1      | Reached skill level 2 in Hexes
  2360 | D:3      | Reached skill level 3 in Hexes
  2471 | D:3      | Reached skill level 4 in Hexes
  2601 | D:3      | Noticed Ijyb
  2622 | D:3      | Noticed Terence
  2665 | D:3      | Killed Terence
  2666 | D:3      | Reached skill level 5 in Hexes
  2666 | D:3      | Reached XP level 6. HP: 32/32 MP: 1/14
  2814 | D:3      | Killed Ijyb
  3128 | D:3      | Found a sacrificial altar of Ru.
  3223 | D:3      | Reached skill level 6 in Hexes
  3757 | D:4      | Found a glowing drain.
  3771 | Sewer    | Entered a sewer
  4419 | D:4      | Reached skill level 7 in Hexes
  4508 | D:4      | Found a burning altar of Makhleb.
  4669 | D:4      | Learned a level 4 spell: Iskenderun's Mystic Blast
  4742 | D:4      | Found Wyat's Antique Weapon Shop.
  4767 | D:4      | Reached XP level 7. HP: 36/36 MP: 9/15
  4832 | D:4      | Found a staircase to the Ecumenical Temple.
  4868 | Temple   | Entered the Ecumenical Temple
  5078 | Temple   | Became a worshipper of Sif Muna the Loreminder
  5109 | D:5      | Entered Level 5 of the Dungeon
  5330 | D:5      | Noticed Sigmund
  5337 | D:5      | Killed Sigmund
  5338 | D:5      | Reached skill level 1 in Translocations
  5413 | D:5      | Noticed Edmund
  5426 | D:5      | Killed Edmund
  5427 | D:5      | Reached skill level 8 in Hexes
  5639 | D:5      | Found a stormy altar of Qazlal.
  5640 | D:5      | Found an ancient bone altar of Kikubaaqudgha.
  5640 | D:5      | Found a shadowy altar of Dithmenos.
  5641 | D:5      | Found a hazy altar of Hepliaklqana.
  5797 | D:5      | Found a snail-covered altar of Cheibriados.
  5897 | D:6      | Reached skill level 9 in Hexes
  5897 | D:6      | Reached XP level 8. HP: 32/41 MP: 0/16
  6385 | D:6      | Reached * piety under Sif Muna
  6837 | D:6      | Reached skill level 1 in Bows
  6841 | D:6      | Reached skill level 10 in Hexes
  7135 | D:6      | Killed from afar by an electric eel

Illustrated notes

Levels and vault maps discovered:
D:1:      dpeg_arrival_caged_fury, layout_basic
D:2:      layout_basic, nicolae_overflow_crystal_walls,
          chequers_ecumenical_altar_simple_redux, nemelex_lonely_heart_becter
D:3:      layout_basic, lemuel_coloured_pillars_altar, fedhas_altar_2,
          uniq_ijyb, uniq_terence
D:4:      layout_basic, overflow_temple_1_default, minmay_temple_entry_trees,
          serial_shops, shop, portal_sewer_entry_b
D:5:      layout_cave_pools, slow_altar_2,
          chequers_temple_overflow_statue_of_worship, uniq_sigmund, uniq_edmund
D:6:      cheibrodos_two_vegetables, layout_rooms
Temple:   nicolae_temple_figure_eight

Skill      XL: |  1  2  3  4  5  6  7  8 |
---------------+-------------------------+-----
Stealth        | 3 4 |  4.1
Spellcasting   | 4 |  4.5
Conjurations   | 5 6 |  6.6
Hexes          | 1 5 7 9 10 | 10.3
Translocations | 2 4 |  4.1
Bows           | 2 |  2.1
Dodging        | |  2.5

Action                   |  1- 3 |  4- 6 |  7- 9 || total
-------------------------+-------+-------+-------++-------
Melee: Dagger            |     6 |    13 |     2 ||    21
 Cast: Magic Dart        |    42 |    91 |    24 ||   157
       Searing Ray       |     4 |    23 |    19 ||    46
       Fulminant Prism   |       |    10 |    12 ||    22
Evoke: Wand              |       |       |     4 ||     4
  Use: Scroll            |     1 |     7 |     1 ||     9
 Stab: Sleeping          |     1 |       |     1 ||     2
Armor: Robe              |     1 |    10 |     4 ||    15
Dodge: Dodged            |    11 |    44 |    14 ||    69

Table legend: (Time is in decaauts)
 A = Elapsed time spent in this place.
 B = Non-inter-level travel time spent in this place.
 C = Inter-level travel time spent in this place.
 D = Time resting spent in this place.
 E = Time spent auto-exploring this place.
 F = Levels seen in this place.
 G = Mean time per level.
                   A        B        C        D        E       F      G
               +--------+--------+--------+--------+--------+-----+--------+
         Total |   7288 |   6975 |    313 |   2483 |   1086 |   8 |  911.0 |
       Dungeon |   6377 |   6108 |    269 |   2340 |    794 |   6 | 1062.8 |
        Temple |    229 |    185 |     44 |      0 |    172 |   1 |  229.0 |
         Sewer |    681 |    681 |      0 |    143 |    120 |   1 |  681.0 |
               +--------+--------+--------+--------+--------+-----+--------+

Top non-repeatable levels by time:
     D:1: 1351 daAuts
     D:3: 1302 daAuts
     D:6: 1033 daAuts
     D:5: 997 daAuts
     D:2: 923 daAuts
     D:4: 769 daAuts
   Sewer: 681 daAuts
  Temple: 229 daAuts
